Unix NetHack Version 3.7.0-62 Work-in-progress - last build Sep 11 2022 12:50:24 (50a4e0875b74f16bdbec0d79e29a59bb940978ed,branch:master). Game began 2022-08-09 10:42:17, ended 2022-10-28 19:03:28. Colobot, neutral male human Wizard ----- ....| ------ ##|...| |.....| ###+.@@| |..(...#### |...| |.....|#####....| |<....+### -+--- |.....| ------- Colobot the Magician St:18 Dx:18 Co:18 In:18 Wi:18 Ch:15 Neutral Dlvl:20 $:670 HP:78(78) Pw:92(105) AC:-19 Xp:11/18743 T:18598 Latest messages: What do you want to drop? [$a-ehk-oq-su-zB-DGOPVZ or ?*] A scroll of remove curse lands on the altar. What do you want to drop? [$a-ehk-oq-sv-zB-DGOPVZ or ?*] A scroll of teleportation lands on the altar. What do you want to drop? [$a-ehk-oq-sw-zB-DGOPVZ or ?*] A potion called brown 50 lands on the altar. t - an uncursed scroll of identify. u - an uncursed scroll of remove curse. v - an uncursed scroll of teleportation. y - an uncursed potion called brown 50. What do you want to use or apply? [dkoqsxzCOPZ or ?*] You put an uncursed scroll of identify into the bag of holding. You put an uncursed scroll of remove curse into the bag of holding. You put an uncursed scroll of teleportation into the bag of holding. You put an uncursed potion called brown 50 into the bag of holding. You put a potion of object detection into the bag of holding. What do you want to use or apply? [dkoqsxzCOPZ or ?*] What do you want to use or apply? [dkoqsxzCOPZ or ?*] $ - 4400 gold pieces (5070 in total). Talk to whom? (in what direction) Talk to whom? (in what direction) The priestess of Ptah asks you for a contribution for the temple. How much will you offer? 4400 You give the priestess of Ptah 4400 zorkmids. "Thou hast been rewarded for thy devotion." What do you want to use or apply? [dkoqsxzCOPZ or ?*] $ - 4400 gold pieces (5070 in total). Talk to whom? (in what direction) The priestess of Ptah asks you for a contribution for the temple. How much will you offer? 4400 You give the priestess of Ptah 4400 zorkmids. "Thou hast been rewarded for thy devotion." What do you want to name? [a-ehk-oqswxzB-DGOPZ or ?*] What do you want to name this cloak of magic resistance named cold fire tele poi? cold fire tele poi pr4 Restoring save file... Hello Colobot, the human Wizard, welcome back to NetHack! Pick an object. Unknown direction: 'l' (use '4', '2', '8', '6' or '.'). Unknown direction: 'k' (use '4', '2', '8', '6' or '.'). Unknown direction: 'Q' (use '4', '2', '8', '6' or '.'). What do you want to ready? [- $D or ?*] Never mind. What do you want to ready? [- $D or ?*] Never mind. You don't have anything to drink. Really save? [yn] (n) Saving... Restoring save file... Hello Colobot, the human Wizard, welcome back to NetHack! # Inventory: Coins ('$') $ - 670 gold pieces Weapons (')') D - 10 blessed +4 daggers named ammo (at the ready) V - the uncursed rustproof +4 Magicbane (weapon in hand) Armor ('[') c - an uncursed +0 dwarvish iron helm (being worn) m - an uncursed +0 pair of leather gloves (being worn) w - an uncursed +3 pair of iron shoes (being worn) b - a blessed +2 cloak of magic resistance named cold fire tele poi pr4 (being worn) a - a blessed greased +5 silver dragon scale mail (being worn) Comestibles ('%') l - an uncursed C-ration n - 3 uncursed tripe rations B - an uncursed lizard corpse Rings ('=') G - an uncursed ring of free action e - an uncursed ring of searching (on right hand) Wands ('/') Z - an uncursed wand of cancellation (0:3) P - an uncursed wand of digging (0:6) O - an uncursed wand of digging (0:2) o - an uncursed wand of fire (0:0) C - an uncursed wand of teleportation (0:5) Tools ('(') s - a blessed bag of holding containing 91 items z - a blessed oil lamp k - an uncursed skeleton key q - an uncursed stethoscope d - an uncursed wet towel x - a blessed +0 unicorn horn Gems/Stones ('*') h - a blessed luckstone Contents of the bag of holding: 1762 gold pieces an uncursed amulet versus poison a blessed +1 pair of gauntlets of power a cursed -2 pair of levitation boots an uncursed +0 pair of water walking boots an uncursed +0 cloak of protection an uncursed +0 mummy wrapping 5 uncursed food rations 16 uncursed food rations 2 uncursed K-rations an uncursed lembas wafer a cursed lembas wafer an uncursed pancake 5 uncursed tripe rations an uncursed egg a blessed scroll of blank paper 11 uncursed scrolls of blank paper 2 cursed scrolls of blank paper a blessed scroll of charging an uncursed scroll of charging an uncursed scroll of create monster an uncursed scroll of destroy armor 2 uncursed scrolls of earth 2 blessed scrolls of enchant armor an uncursed scroll of food detection 2 uncursed scrolls of genocide 2 blessed scrolls of identify an uncursed scroll of identify a cursed scroll of identify an uncursed scroll of magic mapping 2 uncursed scrolls of remove curse a blessed scroll of teleportation 2 uncursed scrolls of teleportation an uncursed potion of acid an uncursed potion of booze an uncursed potion of enlightenment an uncursed potion of extra healing a cursed potion of extra healing a blessed potion of full healing a blessed potion of gain energy 2 uncursed potions of levitation a cursed potion of object detection an uncursed potion of paralysis 2 uncursed potions of restore ability an uncursed potion of speed 4 potions of holy water 5 uncursed potions of water a potion of unholy water an uncursed ring of fire resistance an uncursed ring of free action a blessed +1 ring of increase accuracy a cursed -1 ring of increase accuracy a cursed ring of invisibility a cursed ring of polymorph an uncursed ring of polymorph control an uncursed ring of protection from shape changers an uncursed ring of see invisible an uncursed ring of stealth an uncursed wand of create monster named empty (0:0) an uncursed wand of create monster named empty (0:0) an uncursed wand of magic missile (0:6) an uncursed wand of magic missile (0:1) an uncursed wand of make invisible (0:4) an uncursed wand of probing (0:5) an uncursed wand of secret door detection (0:10) an uncursed wand of slow monster (0:3) an uncursed wand of speed monster (0:5) an uncursed wand of speed monster (0:4) an uncursed wand of striking (0:5) an uncursed wand of undead turning (0:5) an uncursed mirror 2 uncursed tallow candles a cursed tallow candle an uncursed tin whistle an uncursed +0 unicorn horn an uncursed +0 unicorn horn an uncursed +0 unicorn horn an uncursed +0 unicorn horn an uncursed +0 unicorn horn an uncursed +0 unicorn horn an uncursed amber stone an uncursed amethyst stone 2 uncursed chrysoberyl stones an uncursed emerald an uncursed jacinth stone an uncursed jasper stone 4 uncursed obsidian stones an uncursed obsidian stone 4 uncursed opals 4 uncursed opals an uncursed topaz stone Colobot the Wizard's attributes: Background: You were a Magician, a level 11 male human Wizard. You were neutral, on a mission for Thoth who was opposed by Ptah (lawful) and Anhur (chaotic). You were in the Dungeons of Doom, on level 20. You entered the dungeon 18598 turns ago. You had 18743 experience points, 1257 more were needed to attain level 12. Basics: You had all 78 hit points. You had 92 out of 105 energy points (spell power). Your armor class was -19. Your wallet contained 670 zorkmids. Autopickup was on for '$%?!"=/*', with exceptions. Final Characteristics: Your strength was 18 (limit:18/100). Your dexterity was 18 (limit:18). Your constitution was 18 (limit:18). Your intelligence was 18 (limit:18). Your wisdom was 18 (limit:18). Your charisma was 15 (limit:18). Final Status: You were not hungry. You were unencumbered. You were wielding a dagger. You had expert skill with dagger. Final Attributes: You were piously aligned. You were magic-protected. You were fire resistant. You were cold resistant. You were poison resistant. You saw invisible. You were telepathic. You had automatic searching. You were invisible to others. You were stealthy. You had a small defense bonus (+4). You were warded. You were fast. You had reflection. You were extremely lucky. You had extra luck. Good luck did not time out for you. You survived. Miscellaneous: You never encountered a bones level. Total elapsed playing time was 12 hours, 30 minutes and 33 seconds. Major events: Turn 1: Colobot the neutral male human Wizard entered the dungeon 1088: entered the Gnomish Mines 1407: attained the rank of Conjurer (level 3) 2437: entered Sokoban 2831: completed sokoban 1 3553: completed sokoban 2 3583: attained the rank of Thaumaturge (level 6) 4508: completed sokoban 3 6673: reached Mine Town 10500: completed sokoban 4 10645: attained the rank of Magician (level 10) 10765: acquired the Sokoban bag of holding 11819: made his first wish - "blessed fixed greased +2 silver dragon scale mail", got "a greased silver dragon scale mail" 13435: entered the Bigroom 16277: was bestowed with Magicbane by Thoth 18598: quit Vanquished creatures: a mastodon a Nazgul a trapper a genetic engineer a clay golem a ghost 2 giant mimics a fire giant an ogre tyrant an ice troll a large mimic a wumpus 3 stalkers an earth elemental 3 hill giants a xorn 2 giant zombies a winter wolf 5 small mimics a glass piercer 2 warhorses 3 xans an ogre leader 4 trolls a sasquatch a wood golem 2 gelatinous cubes a freezing sphere 2 flaming spheres a tiger 3 gargoyles 6 tengu 4 leocrottas 4 energy vortices a red naga 2 carnivorous apes an ettin zombie 2 Grey-elves 2 soldiers an amorous demon a chameleon a crocodile 4 giant beetles 7 cockatrices 2 winter wolf cubs a panther a gremlin a spotted jelly 22 leprechauns 2 iron piercers 2 mumakil 5 giant spiders 3 scorpions a horse an ice vortex 2 black lights 4 vampire bats a forest centaur a gnome ruler an orc mummy a dwarf mummy 2 brown puddings a rust monster 4 owlbears a yeti a gold golem 2 werewolves 5 Green-elves 6 lizards a chickatrice 2 dwarf leaders 3 blue jellies 4 white unicorns 3 black unicorns 9 ravens a plains centaur 3 gnome mummies 4 snakes 4 water moccasins 2 apes a rope golem 5 Woodland-elves 8 soldier ants a fire ant a bugbear 6 imps 4 quasits 2 wood nymphs 2 water nymphs a Mordor orc 13 Uruk-hai 2 orc shamans 5 rock piercers a rock mole 4 fog clouds 6 yellow lights a shrieker 4 violet fungi 13 gnome leaders 4 gnomish wizards a kobold mummy a gray ooze 3 barrow wights an elf zombie 2 ghouls 3 straw golems 2 paper golems 6 giant ants 2 little dogs 5 floating eyes 2 kittens 23 dwarves 3 homunculi 2 kobold leaders 2 kobold shamans 4 hill orcs 9 rothes 2 rabid rats a centipede 7 giant bats a monkey 4 orc zombies 2 werejackals 10 iguanas 11 killer bees 3 acid blobs 7 coyotes a gas spore 6 hobbits 2 manes 2 large kobolds 4 hobgoblins 3 giant rats 3 cave spiders a brown mold 3 yellow molds a red mold 64 gnomes a garter snake 4 gnome zombies 8 geckos 19 jackals a fox a kobold 6 goblins 2 sewer rats 11 grid bugs 4 bats 6 lichens 4 kobold zombies 19 newts 575 creatures vanquished. No species were genocided or became extinct. Voluntary challenges: You read items or engraved 51 times. You engraved Elbereth 13 times. You never genocided any monsters. You never polymorphed an object. You never changed form. You used 1 wish. You did not wish for any artifacts. You violated the special Sokoban rules once. Achievements: You entered a shop. You entered the Gnomish Mines. You attained the rank of Conjurer. You entered Sokoban. You attained the rank of Thaumaturge. You entered Minetown. You entered a temple. You attained the rank of Magician. You completed Sokoban. You entered the Big Room. The Dungeons of Doom: levels 1 to 20 Level 1: Level 2: A potion shop. Level 3: Some altars, a fountain. Stairs down to The Gnomish Mines. Level 4: A fountain. Level 5: Some fountains. Level 6: Some fountains. Oracle of Delphi. Level 7: Stairs up to Sokoban, level 6. Level 8: A fountain. Level 9: An altar to Thoth. Level 10: Some fountains, many trees. A very big room. Level 11: A fountain. Level 12: Some fountains. Level 13: Summoned by Neferet the Green. Portal to The Quest. Level 14: Some fountains. Level 15: A fountain. Level 16: Level 17: A scroll shop, some altars to Thoth. Level 18: A primitive area. Level 19: An altar. Level 20: <- You were here. A temple. The Gnomish Mines: levels 4 to 11 Level 4: Level 5: Level 6: Level 7: Many shops, a temple, some fountains, some trees. Level 8: Level 9: Level 10: Level 11: The Quest: Level 1: A throne. Home. Sokoban: levels 6 up to 3 Level 3: Solved. Level 4: Solved. Level 5: Solved. Level 6: Solved. Goodbye Colobot the Wizard... You quit in The Dungeons of Doom on dungeon level 20 with 78404 points, and 2432 pieces of gold, after 18598 moves. You were level 11 with a maximum of 78 hit points when you quit.